 Dungeon Crawl Stone Soup version 0.25.1-2-g60ff931df9 (webtiles) character file.

Game seed: 15905447594484367709

16505 Neccalli the Carver (level 12, -1/105 HPs)
             Began as a Minotaur Gladiator on Nov 21, 2020.
             Was a High Priest of Okawaru.
             Succumbed to a soldier ant's poison
             ... on level 2 of the Lair of Beasts.
             The game lasted 01:52:24 (15101 turns).

Neccalli the Carver (Minotaur Gladiator)           Turns: 15101, Time: 01:52:25

Health: -1/105     AC: 19    Str: 23    XL:     12   Next: 10%
Magic:  11/11      EV:  7    Int:  9    God:    Okawaru [*****.]
Gold:   476        SH: 19    Dex: 13    Spells: 11/11 levels left

rFire    + . .     SeeInvis .   b - +5 scimitar (vorpal)
rCold    . . .     Gourm    .   D - +2 tower shield
rNeg     . . .     Faith    .   q - +0 plate armour
rPois    .         Spirit   .   x - +0 hat
rElec    .         Reflect  .   g - +1 cloak
rCorr    .         Harm     .   B - +0 pair of gloves
MR       .....                  (no boots)
Stlth    ..........             (no amulet)
HPRegen  0.27/turn              i - ring of protection from fire
MPRegen  0.12/turn              A - +6 ring of intelligence

@: brilliant, lethally poisoned (-1 -> -10), flying, very slightly contaminated,
invisible
A: retaliatory headbutt, horns 2, talons 1, yellow scales 1, dopey 1
a: Heroism, Finesse, Renounce Religion


You were on level 2 of the Lair of Beasts.
You worshipped Okawaru.
Okawaru was extremely pleased with you.
You were very full.

You visited 3 branches of the dungeon, and saw 14 of its levels.

You collected 718 gold pieces.
You spent 242 gold pieces at shops.

Inventory:

Hand Weapons
 a - a +0 hand crossbow
   (You found it on level 10 of the Dungeon)
 b - a +5 vorpal scimitar (weapon)
   (Okawaru gifted it to you on level 1 of the Lair of Beasts)
 h - a +3 scimitar of draining
   (You took it off an orc warrior on level 7 of the Dungeon)
Missiles
 j - 35 poisoned darts
 m - 60 arrows (quivered)
 p - 21 boomerangs
 y - 68 bolts
Armour
 g - a +1 cloak (worn)
   (You found it on level 9 of the Dungeon)
 q - a +0 plate armour (worn)
   (You found it on level 2 of the Dungeon)
 r - a +2 robe of cold resistance
   (You took it off Fannar on level 10 of the Dungeon)
 x - a +0 hat (worn)
 B - a +0 pair of gloves (worn)
   (You bought it in a shop on level 7 of the Dungeon)
 C - a +0 cloak
   (You bought it in a shop on level 7 of the Dungeon)
 D - a +2 tower shield (worn)
   (You found it on level 7 of the Dungeon)
 F - the +1 leather armour of Instinct {rPois Regen+ Str+6 Stlth-, unknown}
   (You found it on level 2 of the Lair of Beasts)

   It affects your strength (+6).
   It protects you from poison.
   It increases your rate of regeneration.
   It makes you less stealthy.
Jewellery
 i - a ring of protection from fire (left hand)
   (You found it on level 1 of the Dungeon)
 s - an uncursed ring of ice
   (You took it off Fannar on level 10 of the Dungeon)
 v - an uncursed ring of teleportation
   (You found it on level 3 of the Dungeon)
 A - a +6 ring of intelligence (right hand)
   (You found it on level 1 of the Lair of Beasts)
Wands
 d - a wand of iceblast (7)
   (You found it on level 10 of the Dungeon)
 l - a wand of polymorph (25)
   (You found it on level 5 of the Dungeon)
 t - a wand of enslavement (8)
   (You found it on level 5 of the Dungeon)
 u - a wand of paralysis (5)
   (You found it on level 8 of the Dungeon)
Scrolls
 c - 3 scrolls of fog
 f - a scroll of enchant weapon
 n - 2 scrolls of teleportation {@r4}
 z - 8 scrolls of remove curse {@r2}
Potions
 k - 2 potions of flight
Comestibles
 e - 17 rations {!d}
 G - 4 chunks of flesh


   Skills:
 - Level 9.6 Fighting
 + Level 13.6 Long Blades
 + Level 7.7 Crossbows
 - Level 2.2 Throwing
 - Level 9.1 Armour
 - Level 7.4 Dodging
 - Level 9.3 Shields


You had 11 spell levels left.
You didn't know any spells.
Your spell library contained the following spells:

 Spells                   Type           Power        Failure   Level  Hunger
 Summon Small Mammal      Summ           #...         100%        1    None
 Blink                    Tloc           N/A          100%        2    None
 Call Imp                 Summ           #.......     100%        2    None
 Shroud of Golubria       Chrm/Tloc      #.....       100%        2    None
 Call Canine Familiar     Summ           #.......     100%        3    None
 Gell's Gravitas          Tloc           #.........   100%        3    None
 Lesser Beckoning         Tloc           #.........   100%        3    None
 Summon Guardian Golem    Hex/Summ       #.......     100%        3    None
 Teleport Other           Tloc           #.......     100%        3    None
 Cause Fear               Hex            #.........   100%        4    None
 Passage of Golubria      Tloc           N/A          100%        4    None
 Summon Ice Beast         Ice/Summ       #.......     100%        4    None
 Summon Lightning Spire   Summ/Air       #.......     100%        4    None
 Silence                  Hex/Air        #.........   100%        5    None
 Yara's Violent Unravell  Hex/Tmut       #.........   100%        5    None
 Discord                  Hex            #.........   100%        8    None


Dungeon Overview and Level Annotations

Branches:
Dungeon (11/15)            Temple (1/1) D:7            Lair (2/6) D:9
    Orc (0/2) D:9
  Swamp: Lair:2-4    Shoals: Lair:2-4     Snake: Lair:2-4    Spider: Lair:2-4

Altars:
Ashenzari
Cheibriados
Dithmenos
Elyvilon
Fedhas
Gozag
Hepliaklqana
Kikubaaqudgha
Makhleb
Nemelex Xobeh
Okawaru
Qazlal
Ru
Sif Muna
Trog
Uskayaw
Vehumet
Wu Jian
Xom
Yredelemnul
Zin
The Shining One

Shops:
D:4 :   D:7 [   D:9 ([   D:11 (


Innate Abilities, Weirdness & Mutations

You reflexively headbutt those who attack you in melee.
You have a pair of horns on your head.
You have sharp toenails.
You are partially covered in yellow scales. (AC +2)
You are dopey. (Int -2)


Message History

* * * LOW HITPOINT WARNING * * *
You feel very sick.
* * * LOW HITPOINT WARNING * * *
You feel very sick.
* * * LOW HITPOINT WARNING * * *
You feel very sick.
* * * LOW HITPOINT WARNING * * *
You feel very sick.
* * * LOW HITPOINT WARNING * * *
You feel very sick.
You fade into invisibility!
* * * LOW HITPOINT WARNING * * *
You feel sick.
You are very lightly contaminated with residual magic.
* * * LOW HITPOINT WARNING * * *
You feel very sick. As you open the door, it creaks loudly!
* * * LOW HITPOINT WARNING * * *
You feel sick.
Found 9 gold pieces.
* * * LOW HITPOINT WARNING * * *
You feel sick.
Found a ration.
There is an open door here.
It was a potion of brilliance.
You feel clever all of a sudden.
* * * LOW HITPOINT WARNING * * *
You feel sick.
* * * LOW HITPOINT WARNING * * *
You feel sick.
You eat one of the 19 rations {!d}.
That ration really hit the spot!
* * * LOW HITPOINT WARNING * * *
You feel sick.
You feel clever.
A - a +6 ring of intelligence (right hand)
* * * LOW HITPOINT WARNING * * *
You feel sick.
* * * LOW HITPOINT WARNING * * *
You feel sick.
The sentinel's mark upon you fades away.
* * * LOW HITPOINT WARNING * * *
You feel sick.
You feel very buoyant.
You fly up into the air.
* * * LOW HITPOINT WARNING * * *
You feel sick.
* * * LOW HITPOINT WARNING * * *
You feel sick.
You eat one of the 18 rations {!d}.
That ration really hit the spot!
You die...

.....#............P
.....##....#.......
..................# ##
.....#............#####..
..b.........#.....P#.P.##..
......#.....#..........%....
.....####.##................
.....####...................
......##....<...@...........
....#.........#.......$.....
....#......####.............##
........#### #...............#
.⌠....### #...###'##......#
......###### #...###.####...#
...⌠.#.....# #...##...##....#
......# . +...+.....#....#
.⌠....#...# #...P##........#


There were no monsters in sight!

Vanquished Creatures
  Harold (D:7)
  Fannar (D:10)
  A two-headed ogre (D:11)
  Nergalle (Lair:1)
  Pikel (D:5)
  4 elephants
  Joseph (Lair:1)
  A gargoyle (D:10)
  Maggie (D:7)
  4 komodo dragons
  5 blink frogs
  Prince Ribbit (D:9)
  5 hippogriffs
  A vampire (D:9)
  4 yaks (D:9)
  A wyvern (D:9)
  A hungry ghost (D:7)
  3 water moccasins
  5 porcupines (Lair:1)
  A slave (D:5)
  8 orc warriors
  2 ice beasts (D:7)
  A phantom (D:4)
  3 sky beasts
  7 ogres
  5 centaurs
  A crocodile (Lair:1)
  2 big kobolds
  10 bullfrogs
  2 scorpions
  25 killer bees
  2 howler monkeys
  2 bullfrog zombies
  6 crimson imps
  A hound (D:9)
  7 bullfrog skeletons
  A gnoll shaman (D:7)
  A jelly (D:7)
  3 orc priests
  2 centaur skeletons
  11 orc wizards
  21 worker ants
  4 iguanas
  A killer bee zombie (D:10)
  A hound zombie (D:9)
  2 worker ant zombies
  12 adders
  6 gnolls
  2 shadow imps
  3 oozes
  2 adder zombies
  2 adder skeletons (D:4)
  2 worms (D:3)
  A dart slug (D:2)
  4 leopard geckos
  72 orcs
  9 bats
  4 giant cockroaches
  11 goblins
  10 hobgoblins
  10 jackals
  17 kobolds
  4 quokkas
  2 ball pythons
  6 frilled lizards
  A leopard gecko skeleton (D:4)
  4 rats
358 creatures vanquished.

Vanquished Creatures (others)
  2 centaur skeletons (D:5)
  A quokka (D:6)
3 creatures vanquished.

Grand Total: 361 creatures vanquished

Notes
Turn   | Place    | Note
-------+----------+-------------------------------------------
     0 | D:1      | Neccalli the Minotaur Gladiator began the quest for the
                  | Orb.
     0 | D:1      | Reached XP level 1. HP: 18/18 MP: 0/0
    67 | D:1      | Reached XP level 2. HP: 25/25 MP: 1/1
   120 | D:1      | Reached skill level 4 in Long Blades
   879 | D:1      | Reached XP level 3. HP: 27/30 MP: 2/2
  1296 | D:2      | Reached skill level 1 in Armour
  1578 | D:3      | Reached XP level 4. HP: 38/38 MP: 3/3
  1627 | D:3      | Found a faded altar of an unknown god.
  2319 | D:3      | Reached skill level 5 in Long Blades
  2925 | D:4      | Noticed a phantom
  3076 | D:3      | Reached XP level 5. HP: 34/45 MP: 4/4
  3856 | D:4      | Reached XP level 6. HP: 43/52 MP: 5/5
  3893 | D:4      | Found a radiant altar of Vehumet.
  3909 | D:4      | Reached skill level 6 in Long Blades
  4051 | D:4      | Found Qienwine's Book Shop.
  4247 | D:4      | Found a stormy altar of Qazlal.
  4335 | D:4      | Found a blossoming altar of Fedhas.
  4414 | D:4      | Reached XP level 7. HP: 37/60 MP: 6/6
  4708 | D:4      | Reached skill level 5 in Dodging
  4952 | D:5      | Entered Level 5 of the Dungeon
  4959 | D:5      | Reached skill level 7 in Long Blades
  4962 | D:5      | Gained mutation: You are dopey. (Int -2) [potion of
                  | mutation]
  4962 | D:5      | Gained mutation: You have sharp toenails. [potion of
                  | mutation]
  4962 | D:5      | Gained mutation: You are partially covered in yellow
                  | scales. (AC +2) [potion of mutation]
  5049 | D:5      | Reached skill level 5 in Fighting
  5205 | D:5      | Found an ancient bone altar of Kikubaaqudgha.
  5248 | D:5      | Noticed Pikel
  5271 | D:5      | Killed Pikel
  5271 | D:5      | Reached skill level 8 in Long Blades
  5271 | D:5      | Reached XP level 8. HP: 70/70 MP: 7/7
  5335 | D:5      | Found an iron altar of Okawaru.
  5342 | D:5      | Became a worshipper of Warmaster Okawaru
  5685 | D:5      | Reached skill level 5 in Armour
  6104 | D:6      | Reached skill level 9 in Long Blades
  6193 | D:6      | Found a white marble altar of Elyvilon.
  6296 | D:6      | Found a shattered altar of Ashenzari.
  6475 | D:6      | Reached * piety under Okawaru
  6595 | D:6      | Reached XP level 9. HP: 56/78 MP: 8/8
  6746 | D:6      | Found a glowing golden altar of the Shining One.
  6843 | D:6      | Found a basalt altar of Yredelemnul.
  6845 | D:6      | Noticed a profane servitor
  7129 | D:7      | Reached skill level 10 in Long Blades
  7189 | D:7      | Found a sacrificial altar of Ru.
  7234 | D:7      | Reached ** piety under Okawaru
  7317 | D:7      | Noticed Maggie
  7348 | D:7      | Killed Maggie
  7591 | D:7      | Found Yxtiyvep's Antique Armour Emporium.
  7597 | D:7      | Bought a pair of gloves for 121 gold pieces
  7597 | D:7      | Bought a cloak for 121 gold pieces
  7674 | D:7      | Found a staircase to the Ecumenical Temple.
  7686 | Temple   | Entered the Ecumenical Temple
  7842 | D:7      | Reached skill level 1 in Shields
  7848 | D:8      | Noticed Harold
  7853 | D:7      | Reached skill level 11 in Long Blades
  8101 | D:7      | Killed Harold
  8101 | D:7      | Reached *** piety under Okawaru
  8101 | D:7      | Reached skill level 5 in Shields
  8101 | D:7      | Reached XP level 10. HP: 83/88 MP: 9/9
  8281 | D:7      | Received a gift from Okawaru
  8909 | D:7      | Reached skill level 12 in Long Blades
  9122 | D:8      | Reached **** piety under Okawaru
  9528 | D:9      | Found a hazy altar of Hepliaklqana.
  9916 | D:9      | Found a staircase to the Lair.
 10162 | D:9      | Reached XP level 11. HP: 53/95 MP: 10/10
 10561 | D:9      | Found Estruw's Weapon Emporium.
 10561 | D:9      | Found a staircase to the Orcish Mines.
 10561 | D:9      | Found Vykhloat's Armour Emporium.
 10596 | D:9      | Received a gift from Okawaru
 10796 | D:9      | Noticed Prince Ribbit
 10805 | D:9      | Killed Prince Ribbit
 10968 | D:10     | Entered Level 10 of the Dungeon
 11677 | D:11     | Found Joocip's Antique Weapon Shop.
 11678 | D:11     | Noticed a two-headed ogre
 11709 | D:11     | Killed a two-headed ogre
 11709 | D:11     | Reached ***** piety under Okawaru
 11776 | D:11     | Noticed Fannar
 12159 | D:10     | Killed Fannar
 12159 | D:10     | Received a gift from Okawaru
 12323 | D:11     | Noticed a death knight
 12677 | D:11     | Noticed a purple ugly thing
 12730 | Lair:1   | Entered Level 1 of the Lair of Beasts
 12730 | Lair:1   | Noticed Joseph
 12742 | Lair:1   | Killed Joseph
 12742 | Lair:1   | Reached skill level 13 in Long Blades
 12932 | Lair:1   | Noticed Nergalle
 12957 | Lair:1   | Killed Nergalle
 13869 | Lair:1   | Reached skill level 5 in Crossbows
 13873 | Lair:1   | Received a gift from Okawaru
 14259 | Lair:1   | Received a gift from Okawaru
 14541 | Lair:2   | Reached XP level 12. HP: 92/105 MP: 11/11
 14764 | Lair:2   | Got a spiked leather armour
 15069 | Lair:2   | Noticed a queen ant
 15096 | Lair:2   | HP: 5/105 [poisoned by a soldier ant]
 15098 | Lair:2   | HP: 2/105 [poisoned by a soldier ant]
 15101 | Lair:2   | Succumbed to a soldier ant's poison

Illustrated notes

Levels and vault maps discovered:
D:1:      zaba_arrival_water, layout_basic
D:2:      layout_rooms, first_ration
D:3:      layout_basic, chequers_ecumenical_altar_simple_redux,
          grunt_ministairs_8, nrook_loot_triangle, minmay_misc_feat_alley,
          st_stairs_13
D:4:      wad_river_or_something, layout_loops_ring, kennysheep_mini,
          lemuel_doored_altar, serial_shops, nicolae_shop_stone,
          minmay_ruined_shrine
D:5:      layout_loops_corners, nicolae_overflow_crystal_walls,
          marbit_many_paths, uniq_pikel
D:6:      layout_basic, grunt_temple_overflow_holy_war, elyvilon_altar_4,
          overflow_temple_1_default
D:7:      layout_rooms, kennysheep_mini_moat, minmay_temple_entry_fiery,
          serial_shops, nicolae_shop_behind_doors, uniq_maggie
D:8:      layout_cave_pools, special_room [special_room_orc], uniq_harold
D:9:      layout_gridville, lair_entry_dummy, orc_david_3, basic_altar,
          grunt_ministairs_13, st_stairs_5, uniq_prince_ribbit1
D:10:     layout_loops_cross
D:11:     layout_rooms, serial_shops, nicolae_shop_crystal, uniq_erica,
          uniq_fannar
Temple:   nicolae_temple_god_jail
Lair:1:   layout_cave_pods, uniq_joseph, uniq_nergalle
Lair:2:   layout_regular_city, zaba_antful_of_joy, grunt_megastairs_4,
          lemuel_fruit_tree, lemuel_fruit_fields, lemuel_fruit_fields

Skill      XL: |  1  2  3  4  5  6  7  8  9 10 11 |
---------------+----------------------------------+-----
Long Blades    | 4 5 6 8 9 11 12 13 | 13.6
Fighting       | 3 4 5 6 7 8 9 |  9.6
Armour         | 1 2 3 4 5 7 8 9 |  9.1
Dodging        | 4 5 6 7 |  7.4
Shields        | 5 8 9 |  9.3
Crossbows      | 7 |  7.7
Throwing       | |  2.2

Action                   |  1- 3 |  4- 6 |  7- 9 | 10-12 || total
-------------------------+-------+-------+-------+-------++-------
Melee: Long sword        |    66 |   178 |   280 |    58 ||   582
       Headbutt          |    10 |    34 |    71 |    98 ||   213
       Kick              |       |       |    82 |   148 ||   230
       Scimitar          |       |       |       |   470 ||   470
 Fire: Hand crossbow     |       |       |       |   154 ||   154
Throw: Throwing net      |       |     1 |     1 |     6 ||     8
  Use: Scroll            |       |     6 |     7 |    11 ||    24
       Potion            |       |     4 |     5 |     8 ||    17
 Stab: Invisible         |       |       |       |     1 ||     1
  Eat: Chunk             |     2 |     6 |     9 |    13 ||    30
       Ration            |       |     1 |     2 |     4 ||     7
Armor: Leather armour    |    16 |    11 |       |       ||    27
       Plate armour      |       |    85 |   150 |   368 ||   603
       Skin              |       |       |     9 |       ||     9
Dodge: Dodged            |    57 |    88 |    83 |   160 ||   388
Block: Tower shield      |       |       |    50 |   881 ||   931
       Rpst.: Long sword |    17 |    35 |    21 |     6 ||    79
       Scimitar          |       |       |       |    25 ||    25
